 Dungeon Crawl Stone Soup version 0.31-a0-174-g85c54bcb58 (webtiles) character file.

Game seed: 1164868731209938455

711 qw the Skirmisher (level 7, -5/44 HPs)
             Began as a Gargoyle Hunter on June 15, 2023.
             Was an Initiate of Okawaru.
             Slain by a gnoll
             ... wielding a +0 whip
             ... led by a gnoll bouda
              (6 damage)
             ... on level 5 of the Dungeon.
             The game lasted 00:01:42 (4124 turns).

qw the Skirmisher (Gargoyle Hunter)                 Turns: 4124, Time: 00:01:43

Health: -5/44      AC:  6    Str: 19    XL:     7   Next: 68%
Magic:  7/7        EV: 12    Int: 10    God:    Okawaru [......]
Gold:   213        SH:  0    Dex: 13    Spells: 6/6 levels left

rFire   . . .        p - +0 shortbow (heavy)
rCold   . . .        (shield currently unavailable)
rNeg    + . .        j - +0 robe "Dafin" {rCorr Str+5}
rPois   inf          (no helmet)
rElec   +            d - scarf {repulsion}
rCorr   +            (no gloves)
SInv    .            (no boots)
Will    .....        (no amulet)
Stlth   ++           (no ring)
HPRegen 0.27/turn    (no ring)
MPRegen 0.10/turn

%: repel missiles
@: about to teleport, weakened
A: sickness immunity, AC +4, negative energy resistance 1, electricity
resistance, torment resistance 1, petrification resistance, clumsy 1
a: Renounce Religion


You were on level 5 of the Dungeon.
You worshipped Okawaru.
Okawaru was noncommittal.
You visited 2 branches of the dungeon, and saw 6 of its levels.

You collected 213 gold pieces.


Innate Abilities, Weirdness & Mutations

You are immune to sickness and miasma.
Your stone body is resilient. (AC +4)
You are immune to poison.
You resist negative energy. (rN+)
You are resistant to electric shocks. (rElec)
You are resistant to unholy torment.
You are immune to petrification.
You are clumsy. (Dex -2)


   Skills:
 - Level 5.0 Fighting
 - Level 8.0 Ranged Weapons
 - Level 1.0 Armour
 + Level 1.5 Dodging
 - Level 1.1 Stealth


You had 6 spell levels left.
You didn't know any spells.
Your spell library was empty.

Inventory:

Hand Weapons
 p - a +0 heavy shortbow (weapon)
Armour
 d - a scarf of repulsion (worn)
 f - a +0 ring mail
 j - the +0 robe "Dafin" (worn) {rCorr Str+5}
   (You found it on level 3 of the Dungeon)

   Str:       It affects your strength (+5).
   rCorr:     It protects you from acid and corrosion.
 k - a +1 cloak
 o - the +1 cloak of Sloth {-Tele rN+ Int+2}
   (You found it on level 4 of the Dungeon)

   Int:       It affects your intelligence (+2).
   rN:        It protects you from negative energy.
   -Tele:     It prevents most forms of teleportation.
Scrolls
 m - 2 scrolls of teleportation
Potions
 a - a potion of invisibility {unknown}
 c - a potion of lignification {unknown}
 e - a potion of magic {unknown}
 g - a potion of heal wounds
 h - a potion of enlightenment {unknown}
 i - a potion of might
 l - a potion of mutation

Dungeon Overview and Level Annotations

Branches:
Dungeon (5/15)             Temple (1/1) D:5

Altars:
Ashenzari
Cheibriados
Dithmenos
Elyvilon
Gozag
Hepliaklqana
Makhleb
Nemelex Xobeh
Okawaru
Ru
Sif Muna
Trog
Vehumet
Wu Jian
Xom
Zin
The Shining One


Message History

You shoot an arrow. The arrow hits the phantom!
The phantom is almost destroyed.
The gnoll bouda gazes fiercely through you!
You feel as though you will be weak longer.
The phantom hits you but does no damage.
You shoot an arrow. The arrow hits the phantom!
You destroy the phantom!
Okawaru accepts your kill.
The gnoll bouda gazes fiercely through you!
You feel as though you will be weak longer.
The gnoll bouda closely misses you.
Your Fighting skill increases to level 5!
You shoot an arrow. The arrow hits the gnoll bouda!
The gnoll bouda is moderately wounded.
The gnoll bouda misses you. The gnoll hits you but does no damage.
The gnoll misses you.
You shoot an arrow. The arrow hits the gnoll bouda.
The gnoll bouda is heavily wounded.
The gnoll bouda hits you with a +0 whip.
The gnoll hits you with a +0 whip. The gnoll barely misses you.
The gnoll bouda barely misses you. The gnoll hits you with a +0 whip.
The gnoll hits you from afar with a +0 halberd.
You shoot an arrow.
The arrow hits the gnoll bouda but does no damage.
The gnoll bouda is heavily wounded.
The gnoll hits you but does no damage. The gnoll misses you.
You shoot an arrow. The arrow hits the gnoll bouda!
The gnoll bouda is almost dead.
The gnoll bouda hits you with a +0 whip.
The gnoll hits you with a +0 whip. The gnoll closely misses you.
The gnoll bouda mumbles some strange prayers to its god.
The gnoll bouda is healed somewhat.
The gnoll hits you with a +0 whip.
The gnoll hits you from afar with a +0 halberd!
4124 ||| READING 3 scrolls of teleportation.
As you read the scroll of teleportation, it crumbles to dust.
You feel strangely unstable.
The gnoll bouda gazes fiercely through you!
You feel as though you will be weak longer.
The gnoll bouda misses you. The gnoll hits you with a +0 whip.
You die...

#.........# #.....)...#
#........)# #.........#
#.....:.<.# #.........##
#####.......g..# #..
...........g.#..##...
###.......g@#.....# ####.<..#.#
#...# #.....###....
##..#...#...# ##....#.....#
.... #######..#####%>.#####..#
..
#...........#.....#....######..
#....(.....#...#...#...(.......
#........?....###..............


You could see a gnoll bouda and 2 gnolls.

Vanquished Creatures
  An ogre (D:5)
  2 phantoms (D:5)
  Blork the orc (D:4)
  A scorpion (D:3)
  3 hounds
  2 iguanas
  An orc wizard (D:4)
  2 gnolls (D:5)
  9 adders
  3 dart slugs
  12 orcs
  6 endoplasms
  3 giant cockroaches
  4 goblins
  3 hobgoblins
  4 quokkas
  6 ball pythons
  6 bats
  2 frilled lizards (D:1)
  9 kobolds
  8 rats
88 creatures vanquished.

Notes
Turn   | Place    | Note
-------+----------+-------------------------------------------
     0 | D:1      | qw the Gargoyle Hunter began the quest for the Orb.
     0 | D:1      | Reached XP level 1. HP: 12/12 MP: 1/1
     0 | D:1      | Noticed a merfolk zombie
     0 | D:1      | 0 ||| qw: Version: 0.2-a-29-g511e9b1
     0 | D:1      | 0 ||| qw: Game counter: 5502
     0 | D:1      | 0 ||| qw: Always use a shield: true
     0 | D:1      | 0 ||| qw: God list: Okawaru
     0 | D:1      | 0 ||| qw: Allow faded altars: false
     0 | D:1      | 0 ||| qw: Do Orc after D:15 true
     0 | D:1      | 0 ||| qw: Do second Lair branch before Depths: true
     0 | D:1      | 0 ||| qw: Lair rune preference: random
     0 | D:1      | 0 ||| qw: Plans: Normal, Zot:1-4, Slime:5, God:TSO, Crypt,
                  | Tomb, Abyss, Pan, Hells, Win
     0 | D:1      | 0 ||| PLANNING D:1-11
     8 | D:1      | Noticed a demonspawn zombie
    13 | D:1      | Noticed a demonspawn zombie
    15 | D:1      | Noticed a merfolk zombie
   104 | D:1      | Reached XP level 2. HP: 17/17 MP: 2/2
   414 | D:1      | Found a faded altar of an unknown god.
   525 | D:1      | Reached XP level 3. HP: 21/21 MP: 3/3
   682 | D:1      | 682 ||| UPGRADING to +0 ring mail.
   692 | D:1      | 692 ||| DROPPING +0 leather armour.
   693 | D:1      | 693 ||| READING scroll labelled VIUKKUI MUOXT.
   698 | D:1      | 698 ||| READING scroll labelled RODDAZOBRE.
   699 | D:1      | 699 ||| READING scroll labelled EWKIUXZAIDA.
   800 | D:1      | 800 ||| DROPPING scroll of butterflies.
   873 | D:2      | Reached skill level 1 in Armour
   877 | D:2      | Reached skill level 5 in Ranged Weapons
  1654 | D:2      | 1654 ||| UPGRADING to scarf of repulsion.
  1659 | D:2      | 1659 ||| READING 3 scrolls labelled SEPNUCULYPH.
  1660 | D:2      | 1660 ||| READING 3 scrolls labelled FIYDUK REYLEO.
  1661 | D:2      | 1661 ||| DROPPING 2 scrolls of vulnerability.
  1662 | D:2      | 1662 ||| DROPPING 2 scrolls of blinking.
  1691 | D:3      | Reached XP level 4. HP: 27/27 MP: 4/4
  1724 | D:3      | Reached skill level 3 in Fighting
  1879 | D:3      | HP: 3/28 [iguana (7)]
  1880 | D:3      | 1880 ||| READING scroll of teleportation.
  2105 | D:3      | Noticed a scorpion
  2115 | D:3      | Killed a scorpion
  2116 | D:3      | Reached skill level 6 in Ranged Weapons
  2116 | D:3      | Reached XP level 5. HP: 24/32 MP: 5/5
  2419 | D:3      | Found a white marble altar of Elyvilon.
  2423 | D:3      | Found a radiant altar of Vehumet.
  2426 | D:3      | Found a sacrificial altar of Ru.
  2469 | D:3      | Identified the +0 robe "Dafin" {rCorr Str+5}
  2549 | D:3      | 2549 ||| UPGRADING to +0 robe "Dafin" {rCorr Str+5}.
  2559 | D:3      | 2559 ||| READING scroll labelled NOKHLI HAGRITU.
  2560 | D:3      | 2560 ||| READING scroll labelled MUEHEQ TEONATU.
  2561 | D:3      | 2561 ||| READING scroll labelled EMUUXO QOIPU.
  2783 | D:4      | Noticed Blork the orc
  2797 | D:4      | Killed Blork the orc
  2798 | D:4      | Reached XP level 6. HP: 34/38 MP: 6/6
  2949 | D:4      | Identified the +1 cloak of Sloth {-Tele rN+ Int+2}
  3199 | D:4      | 3199 ||| FLEEEEING.
  3200 | D:4      | 3200 ||| FLEEEEING.
  3201 | D:4      | 3201 ||| FLEEEEING.
  3204 | D:4      | 3204 ||| FLEEEEING.
  3205 | D:4      | 3205 ||| FLEEEEING.
  3206 | D:4      | 3206 ||| FLEEEEING.
  3207 | D:4      | 3207 ||| FLEEEEING.
  3208 | D:4      | 3208 ||| FLEEEEING.
  3209 | D:4      | 3209 ||| FLEEEEING.
  3213 | D:4      | 3213 ||| FLEEEEING.
  3214 | D:4      | 3214 ||| FLEEEEING.
  3215 | D:4      | 3215 ||| FLEEEEING.
  3216 | D:4      | 3216 ||| FLEEEEING.
  3240 | D:4      | 3240 ||| FLEEEEING.
  3241 | D:4      | 3241 ||| FLEEEEING.
  3242 | D:4      | 3242 ||| FLEEEEING.
  3243 | D:4      | 3243 ||| FLEEEEING.
  3244 | D:4      | 3244 ||| FLEEEEING.
  3245 | D:4      | 3245 ||| FLEEEEING.
  3246 | D:4      | 3246 ||| FLEEEEING.
  3247 | D:4      | 3247 ||| FLEEEEING.
  3248 | D:4      | 3248 ||| FLEEEEING.
  3249 | D:4      | 3249 ||| FLEEEEING.
  3250 | D:4      | 3250 ||| FLEEEEING.
  3251 | D:4      | 3251 ||| FLEEEEING.
  3252 | D:4      | 3252 ||| FLEEEEING.
  3253 | D:4      | 3253 ||| FLEEEEING.
  3254 | D:4      | 3254 ||| FLEEEEING.
  3255 | D:4      | 3255 ||| FLEEEEING.
  3256 | D:4      | 3256 ||| FLEEEEING.
  3299 | D:4      | 3299 ||| Invisibility monster not found???
  3635 | D:4      | 3635 ||| READING scroll labelled HAFENN RUIC.
  3636 | D:4      | 3636 ||| READING scroll labelled XAPPAH ZAGISHA.
  3637 | D:4      | 3637 ||| READING scroll labelled ANEUNASAXT.
  3667 | D:4      | 3667 ||| DRINKING 2 glowing pink potions.
  3668 | D:4      | 3668 ||| DRINKING 2 dark potions.
  3669 | D:4      | 3669 ||| DRINKING 2 fuming golden potions.
  3669 | D:4      | Gained mutation: You are clumsy. (Dex -2) [potion of
                  | mutation]
  3693 | D:5      | Entered Level 5 of the Dungeon
  3696 | D:5      | Reached skill level 7 in Ranged Weapons
  3723 | D:5      | Reached XP level 7. HP: 37/43 MP: 7/7
  3782 | D:5      | Found a staircase to the Ecumenical Temple.
  3783 | D:5      | 3783 ||| PLANNING TEMPLE
  3819 | D:5      | 3819 ||| FLEEEEING.
  3853 | D:5      | 3853 ||| FLEEEEING.
  3906 | Temple   | Entered the Ecumenical Temple
  3907 | Temple   | 3907 ||| PLANNING OKAWARU WORSHIP
  3962 | Temple   | Became a worshipper of Warmaster Okawaru
  3963 | Temple   | 3963 ||| PLANNING D:1-11
  4008 | D:5      | Reached skill level 8 in Ranged Weapons
  4123 | D:5      | HP: 10/44 [gnoll/+0 whip[a gnoll bouda] (3)]
  4123 | D:5      | HP: 1/44 [gnoll/+0 halberd[a gnoll bouda] (9)]
  4124 | D:5      | 4124 ||| READING 3 scrolls of teleportation.
  4124 | D:5      | Slain by a gnoll

Levels and vault maps discovered:
D:1:      shiori_arrival_whats_in_store_for_you, layout_basic,
          ebering_ecumenical_altar_abandoned
D:2:      layout_loops_corners, grunt_decor_resistance,
          chequers_serial_rivers_micro_c
D:3:      layout_basic, grunt_temple_overflow_diamond,
          nicolae_concentric_dashed_squares_wild
D:4:      nicolae_cairo_tiling_very_big, layout_basic, serial_curves,
          eino_curves_01, eino_curves_01, minmay_misc_feat_roman,
          abandoned_shop, uniq_blork_the_orc
D:5:      layout_rooms, minmay_temple_entry_arrows
Temple:   nicolae_temple_ecumenical_triangle

Skill      XL: |  1  2  3  4  5  6  7 |
---------------+----------------------+-----
Armour         | 1 |  1.0
Ranged Weapons | 5 6 7 8 |  8.0
Fighting       | 3 4 5 |  5.0
Dodging        | |  1.5
Stealth        | |  1.1

Action                     |  1- 3 |  4- 6 |  7- 9 || total
---------------------------+-------+-------+-------++-------
   Fire: Shortbow          |   103 |   224 |    54 ||   381
    Use: Scroll            |     5 |     7 |     1 ||    13
         Potion            |       |     3 |       ||     3
 Armour: Leather armour    |     6 |       |       ||     6
         Ring mail         |    13 |    12 |       ||    25
         Robe              |       |    21 |    14 ||    35
  Dodge: Dodged            |    25 |    58 |    30 ||   113
         Repelled          |       |     5 |       ||     5

Table legend:
 A = Non-vault XP
 B = Vault XP
 C = Vault XP percentage of total XP
 D = Non-vault monster count
 E = Vault monster count
 F = Vault count percentage of total count
                 A         B        C        D         E       F
            +---------+---------+-------+---------+---------+-------
      Total |     927 |      90 |   8.8 |      87 |       1 |   1.1
            +---------+---------+-------+---------+---------+-------
        D:1 |      38 |       0 |   0.0 |      24 |       0 |   0.0
        D:2 |      30 |       0 |   0.0 |      12 |       0 |   0.0
        D:3 |     169 |       0 |   0.0 |      15 |       0 |   0.0
        D:4 |     166 |      90 |  35.2 |      23 |       1 |   4.2
        D:5 |     524 |       0 |   0.0 |      13 |       0 |   0.0
            +---------+---------+-------+---------+---------+-------
